 Dungeon Crawl Stone Soup version 0.21.1-1-g345015f (webtiles) character file.

39 theblackcape the Caller (level 3, -3/25 HPs)
             Began as a Gnoll Summoner on June 22, 2018.
             Was an Initiate of Ashenzari.
             Slain by a scorpion (10 damage)
             ... on level 3 of the Dungeon.
             The game lasted 00:08:26 (1864 turns).

theblackcape the Caller (Gnoll Summoner)            Turns: 1864, Time: 00:08:29

Health: -3/25      AC:  3    Str: 11    XL:     3   Next: 45%
Magic:  22/24      EV: 14    Int: 17    God:    Ashenzari [......]
Gold:   71         SH:  0    Dex: 15    Spells: 9/12 levels left

rFire    + . .     SeeInvis .   l - staff of power (curse)
rCold    . . .     Gourm    .   (no shield)
rNeg     . . .     Faith    .   a - +0 robe
rPois    .         Spirit   .   h - +0 helmet
rElec    .         Reflect  .   (no cloak)
rCorr    .         Harm     .   (no gloves)
MR       .....                  (no boots)
Stlth    +++.......             (no amulet)
HPRegen  0.08/turn              k - ring of protection from cold
MPRegen  0.19/turn              g - ring of fire

@: lethally poisoned (-3 -> -10)
A: distributed training, fangs 1, strong nose
a: Curse Item, Renounce Religion


You were on level 3 of the Dungeon.
You worshipped Ashenzari.
Ashenzari was noncommittal.
You were not hungry.

You visited 1 branch of the dungeon, and saw 3 of its levels.

You collected 71 gold pieces.

Inventory:

Hand Weapons
 o - a +0 spear
Armour
 a - a +0 robe (worn)
 d - a +0 large shield
 h - a +0 helmet (worn)
Magical Staves
 l - a cursed staff of power (weapon)
Jewellery
 g - a ring of fire (right hand)
 i - an uncursed ring of fire
 k - a ring of protection from cold (left hand)
Scrolls
 f - a scroll of magic mapping {unknown}
 j - a scroll of enchant armour {unknown}
 m - 4 scrolls of identify {unknown}
 n - 2 scrolls of remove curse
 q - 2 scrolls of teleportation {unknown}
 s - 4 scrolls of immolation {unknown}
Potions
 e - a potion of heal wounds {unknown}
 r - 2 potions of curing {unknown}
Books
 b - a book of Callings

   Spells                             Type                      Level
   a - Summon Small Mammal            Summoning                    1
   b - Call Imp                       Summoning                    2
   c - Call Canine Familiar           Summoning                    3
   d - Summon Guardian Golem          Hexes/Summoning              3
   e - Summon Lightning Spire         Summoning/Air                4
   f - Summon Ice Beast               Ice/Summoning                4
Comestibles
 c - 3 rations
 p - 4 chunks of flesh


   Skills:
 + Level 0.7 Fighting
 + Level 0.7 Short Blades
 + Level 0.7 Long Blades
 + Level 0.7 Axes
 + Level 0.7 Maces & Flails
 + Level 0.7 Polearms
 + Level 0.7 Staves
 + Level 0.7 Slings
 + Level 0.7 Bows
 + Level 0.7 Crossbows
 + Level 0.7 Throwing
 + Level 0.7 Armour
 + Level 4.5 Dodging
 + Level 4.1 Stealth
 + Level 0.7 Shields
 + Level 0.7 Unarmed Combat
 + Level 5.0 Spellcasting
 + Level 0.5 Conjurations
 + Level 0.5 Hexes
 + Level 0.5 Charms
 + Level 7.1 Summonings
 + Level 0.5 Necromancy
 + Level 0.5 Translocations
 + Level 0.5 Transmutations
 + Level 0.5 Fire Magic
 + Level 0.5 Ice Magic
 + Level 0.5 Air Magic
 + Level 0.5 Earth Magic
 + Level 0.5 Poison Magic
 + Level 0.9 Invocations
 + Level 0.7 Evocations


You had 9 spell levels left.
You knew the following spells:

 Your Spells              Type           Power        Failure   Level  Hunger
a - Summon Small Mammal   Summ           ####         1%          1    None
b - Call Imp              Summ           ####....     1%          2    #......


Dungeon Overview and Level Annotations

Branches:
Dungeon (3/15)

Altars:
Ashenzari
Nemelex Xobeh
Okawaru
Qazlal


Innate Abilities, Weirdness & Mutations

Your experience applies equally to all skills.
You have very sharp teeth.
Your uncanny sense of smell can sniff out nearby items.


Message History

The scorpion is severely wounded.
Your rat closely misses the scorpion.
Your crimson imp hits the scorpion but does no damage.
The scorpion completely misses you.
Your rat misses the scorpion. You hit the scorpion.
The scorpion is severely wounded.
Your rat bites the scorpion but does no damage.
Your crimson imp hits the scorpion but does no damage.
The scorpion stings you!
You are lethally poisoned!
The scorpion poisons you!
Your rat completely misses the scorpion.
Your rat closely misses the scorpion.
You hit the scorpion.
The scorpion is almost dead.
* * * LOW HITPOINT WARNING * * *
You feel sick.
Your crimson imp hits the scorpion but does no damage.
The scorpion stings you!
You die...

.....<....>..#..+.....
.#########.###..#.... ..
.............#......#...
#.######...#.#.##...#..
#..# #.....(........
##.# #####..#.#..#.####
##.## #.....>.?#........
#...###.###†........#
.....## #.(....#@rr.#
......# #.(.....)s5.#
.._...#...#######...#
......#.). .....
.....##... #......
#...##..# ...5.. #####
...... #.....


You could see a scorpion, 2 friendly crimson imps and 2 friendly rats.

Vanquished Creatures
  A dart slug (D:3)
  An orc (D:3)
  A giant cockroach (D:1)
  2 jackals (D:2)
  2 bats
  A goblin (D:1)
  A kobold (D:2)
  4 rats
13 creatures vanquished.

Vanquished Creatures (collateral kills)
  An ooze (D:2)
  A leopard gecko (D:2)
  An orc (D:3)
  2 giant cockroaches
  4 goblins
  5 hobgoblins
  3 jackals (D:3)
  3 bats (D:1)
  7 kobolds
  3 rats
30 creatures vanquished.

Grand Total: 43 creatures vanquished

Notes
Turn   | Place    | Note
-------+----------+-------------------------------------------
     0 | D:1      | theblackcape the Gnoll Summoner began the quest for the Orb.
     0 | D:1      | Reached XP level 1. HP: 13/13 MP: 6/6
   180 | D:1      | Reached XP level 2. HP: 3/19 MP: 4/7
   928 | D:1      | Learned a level 2 spell: Call Imp
  1206 | D:2      | Found an iron altar of Okawaru.
  1303 | D:2      | Found a shattered altar of Ashenzari.
  1310 | D:2      | Became a worshipper of Ashenzari the Shackled
  1344 | D:2      | Reached XP level 3. HP: 25/25 MP: 9/9
  1562 | D:2      | Found a sparkling altar of Nemelex Xobeh.
  1631 | D:3      | Reached skill level 5 in Spellcasting
  1811 | D:3      | Found a stormy altar of Qazlal.
  1853 | D:3      | Noticed a scorpion
  1864 | D:3      | Slain by a scorpion

Skill      XL: |  1  2  3 |
---------------+----------+-----
Spellcasting   | 5 |  5.0
Fighting       | |  0.7
Short Blades   | |  0.7
Long Blades    | |  0.7
Axes           | |  0.7
Maces & Flails | |  0.7
Polearms       | |  0.7
Staves         | |  0.7
Slings         | |  0.7
Bows           | |  0.7
Crossbows      | |  0.7
Throwing       | |  0.7
Armour         | |  0.7
Dodging        | |  4.5
Stealth        | |  4.1
Shields        | |  0.7
Unarmed Combat | |  0.7
Conjurations   | |  0.5
Hexes          | |  0.5
Charms         | |  0.5
Summonings     | |  7.1
Necromancy     | |  0.5
Translocations | |  0.5
Transmutations | |  0.5
Fire Magic     | |  0.5
Ice Magic      | |  0.5
Air Magic      | |  0.5
Earth Magic    | |  0.5
Poison Magic   | |  0.5
Invocations    | |  0.9
Evocations     | |  0.7

Action                   || total
-------------------------++-------
Melee: Unarmed           ||    38
       Bite              ||    11
       Staff             ||    51
 Cast: Summon Small Mamm ||    33
       Call Imp          ||     8
Invok: Curse Item        ||     1
 Stab: Sleeping          ||     4
  Eat: Chunk             ||     3
Armor: Robe              ||    20
Dodge: Dodged            ||    96
